 Dungeon Crawl Stone Soup version 0.18-a0-721-g8fc53f4 (webtiles) character file.

255 Korkiloff the Conjurer (level 5, -2/40 HPs)
             Began as a Demigod Conjurer on Dec 8, 2015.
             Slain by a quokka (3 damage)
             ... on level 5 of the Dungeon.
             The game lasted 00:20:51 (3273 turns).

Korkiloff the Conjurer (Demigod Conjurer)           Turns: 3273, Time: 00:20:51

Health: -2/40      AC:  9    Str: 11    XL:     5   Next: 60%
Magic:  4/11       EV:  9    Int: 21    God:
Gold:   190        SH:  0    Dex: 20    Spells: 3 memorised, 2 levels left

rFire  + . .     SeeInvis .     N - +0 mace (protect)
rCold  + . .     Clarity  .     a - +0 robe
rNeg   . . .     SustAt   +     (no shield)
rPois  +         Gourm    .     E - +1 helmet
rElec  +         Spirit   .     (no cloak)
rCorr  +         Dismiss  .     (no gloves)
rMut   .         Stasis   .     (no boots)
MR     +....                    (no amulet)
Stlth  +++.......               e - ring of protection from magic
                                Q - +4 ring of dexterity

@: resistant, somewhat resistant to hostile enchantments, fairly stealthy
A: high mp 1, sustain attributes
a: no special abilities


You were on level 5 of the Dungeon.
You were not hungry.

You visited 1 branch of the dungeon, and saw 5 of its levels.

You collected 190 gold pieces.

Inventory:

Hand Weapons
 l - a +0 dagger of speed
 t - a +0 hand axe
 v - a +0 hand axe
 B - a +0 blowgun
 H - a +0 spear
 I - a +0 mace
 J - a +0 short sword
 N - a +0 mace of protection (weapon)
Missiles
 j - 14 bolts of frost
 G - 10 silver sling bullets
 K - 11 curare-tipped needles
 L - 6 poisoned needles
Armour
 a - a +0 robe (worn)
 E - a +1 helmet (worn)
Jewellery
 e - a ring of protection from magic (right hand)
 Q - a +4 ring of dexterity (left hand)
Scrolls
 f - a scroll of enchant armour
 i - a scroll of enchant weapon {unknown}
 k - a scroll of recharging {unknown}
 r - 2 scrolls of fear {unknown}
 u - 2 scrolls of identify {unknown}
 O - a scroll of teleportation {unknown}
Potions
 A - 2 potions of agility
 C - a potion of brilliance
Books
 b - a book of Conjurations

   Spells                             Type                      Level
   a - Magic Dart                     Conjuration                  1
   b - Searing Ray                    Conjuration                  2
   c - Dazzling Spray                 Conjuration/Hexes            3
   d - Fulminant Prism                Conjuration/Hexes            4
   e - Iskenderun's Mystic Blast      Conjuration                  4
   f - Iskenderun's Battlesphere      Conjuration/Charms           5
Comestibles
 c - 3 bread rations
 g - 2 fruits
 s - 3 meat rations


   Skills:
 + Level 1.2 Fighting
 + Level 0.3 Maces & Flails
 + Level 3.4 Dodging
 + Level 3.0 Stealth
 + Level 2.4 Spellcasting
 + Level 4.5 Conjurations
 + Level 0.3 Hexes


You had 2 spell levels left.
You knew the following spells:

 Your Spells              Type           Power        Failure   Level  Hunger
a - Magic Dart            Conj           ###.         1%          1    None
b - Searing Ray           Conj           ###...       3%          2    ##.....
c - Dazzling Spray        Conj/Hex       ##......     17%         3    ###....


Dungeon Overview and Level Annotations

Branches:
Dungeon (5/15)
 Temple: D:4-7


Innate Abilities, Weirdness & Mutations

You have an increased reservoir of magic (+10% MP).
Your attributes are resistant to harm.


Message History

The searing ray hits the orc wizard.
The orc wizard is severely wounded.
The ball python bites you but does no damage.
The ball python constricts you.
The orc wizard points at you and mumbles some strange words.
The puff of frost hits you! You resist.
* * * LOW HITPOINT WARNING * * *
The ball python misses you. The ball python constricts you.
You hit the ball python.
You kill the ball python!
The orc wizard points at you and mumbles some strange words.
The magic dart hits you!
* * * LOW HITPOINT WARNING * * *
The orc wizard hits you but does no damage.
The quokka bites you but does no damage.
The orc wizard casts a spell.
The orc wizard flickers and vanishes!
Deactivating autopickup; reactivate with Ctrl-A.
The quokka bites you.
You die...

#### ######
####..####....#
###...##.......@#
#..######.....r{#
#..###.....(...o##
##.#.............##
####............o..####
#......................#
....................####
....................##
.....................#


You could see 2 orcs and a quokka.

Vanquished Creatures
  An iguana (D:4)
  3 worker ants
  A hound skeleton (D:4)
  Robin (D:3)
  4 adders
  A shadow imp (D:3)
  A worm (D:2)
  2 giant geckos
  6 orcs
  6 bats
  6 giant cockroaches
  10 goblins
  9 hobgoblins
  7 jackals
  3 ball pythons
  5 giant newts
  12 kobolds
  5 rats
83 creatures vanquished.

Notes
Turn   | Place    | Note
--------------------------------------------------------------
     0 | D:1      | Korkiloff the Demigod Conjurer began the quest for the Orb.
     0 | D:1      | Reached XP level 1. HP: 14/14 MP: 5/5
   436 | D:1      | Reached XP level 2. HP: 20/20 MP: 4/7
   465 | D:1      | Reached skill level 4 in Conjurations
   474 | D:1      | Learned a level 2 spell: Searing Ray
  1154 | D:2      | Reached XP level 3. HP: 9/26 MP: 1/8
  1485 | D:2      | Noticed Robin
  1513 | D:3      | Killed Robin
  1555 | D:3      | Learned a level 3 spell: Dazzling Spray
  1584 | D:3      | Found a shattered altar of Ashenzari.
  1817 | D:3      | Reached XP level 4. HP: 32/34 MP: 5/10
  2267 | D:3      | Found an ancient bone altar of Kikubaaqudgha.
  2269 | D:3      | Found a blossoming altar of Fedhas.
  2269 | D:3      | Found a sparkling altar of Nemelex Xobeh.
  2271 | D:3      | Found a shimmering altar of Xom.
  2271 | D:3      | Found a sacrificial altar of Ru.
  2424 | D:4      | Reached skill level 1 in Fighting
  2424 | D:4      | Reached XP level 5. HP: 30/40 MP: 3/11
  2680 | D:4      | Found a snail-covered altar of Cheibriados.
  3023 | D:5      | Entered Level 5 of the Dungeon
  3272 | D:5      | HP: 1/40 [orc wizard/magic dart (2)]
  3273 | D:5      | Slain by a quokka

Vault maps used:
D:1:      dpeg_arrival_round_c, st_stairs_6, hangedman_decor_clover_reticule
D:2:      kennysheep_generic_room_9, uniq_robin
D:3:      nicolae_overflow_hidden_temple, grunt_temple_overflow_open
D:4:      cheibriados_altar_1, first_bread
D:5:      minmay_door_square

Action                   |  1- 3 |  4- 6 || total
-------------------------+-------+-------++-------
Melee: Unarmed           |     7 |       ||     7
       Short sword       |    20 |       ||    20
       Dagger            |    71 |    19 ||    90
       Mace              |       |    97 ||    97
 Cast: Magic Dart        |    49 |    26 ||    75
       Searing Ray       |    11 |    10 ||    21
       Dazzling Spray    |     2 |     5 ||     7
  Use: Potion            |     1 |     6 ||     7
       Scroll            |       |     3 ||     3
 Stab: Sleeping          |     2 |     6 ||     8
       Invisible         |     1 |     1 ||     2
  Eat: Chunk             |     4 |     6 ||    10
